 Dungeon Crawl Stone Soup version 0.17.0-23-g0de4337 (webtiles) character file.

880 dvd the Chiller (level 8, 0/45 HPs)
             Began as an Octopode Ice Elementalist on Nov 14, 2015.
             Was a Follower of Ashenzari.
             Slain by Pikel
             ... wielding a +0 whip of electrocution
              (6 damage)
             ... on level 4 of the Dungeon.
             The game lasted 00:25:00 (4914 turns).

dvd the Chiller (Octopode Ice Elementalist)         Turns: 4914, Time: 00:25:00

Health: 0/45       AC:  7    Str: 11    XL:     8   Next: 5%
Magic:  11/14      EV: 13    Int: 18    God:    Ashenzari [*.....]
Gold:   291        SH:  0    Dex: 12    Spells: 4 memorised, 5 levels left

rFire  . . .     SeeInvis .     o - +3 hand axe (elec)
rCold  . . .     Clarity  .     (no shield)
rNeg   . . .     SustAt   .     (helmet restricted)
rPois  .         Gourm    .     (no amulet)
rElec  .         Spirit   .     (no ring)
rCorr  .         Warding  .     (no ring)
rMut   .         Stasis   .     (no ring)
MR     .....                    (no ring)
Stlth  ++++......               (no ring)
                                (no ring)
                                (no ring)
                                (no ring)

@: icy armour, not resistant to hostile enchantments, stealthy
A: almost no armour, amphibious, 8 rings, constrict 8, camouflage 1, frail 1,
slow regeneration 1, strong 1, gelatinous body 1
a: Scrying, Renounce Religion


You were on level 4 of the Dungeon.
You worshipped Ashenzari.
Ashenzari was aware of your devotion.
You were hungry.

You visited 1 branch of the dungeon, and saw 4 of its levels.

You collected 291 gold pieces.

Inventory:

Hand Weapons
 o - a +3 hand axe of electrocution (weapon)
 v - a +0 war axe
 w - a +2 dagger of flaming
Wands
 u - a wand of slowing (33)
Scrolls
 c - 6 scrolls of identify
 e - a scroll of recharging
 g - 3 scrolls of curse jewellery
 n - 2 scrolls of remove curse
Potions
 d - 3 potions of lignification
 j - a potion of haste
 m - 4 potions of heal wounds
 t - 2 potions of might
Books
 a - a book of Frost

   Spells                             Type                      Level
   a - Freeze                         Ice                          1
   b - Throw Frost                    Conjuration/Ice              2
   c - Ozocubu's Armour               Charms/Ice                   3
   d - Throw Icicle                   Conjuration/Ice              4
   e - Summon Ice Beast               Ice/Summoning                4
   f - Condensation Shield            Ice                          4
 q - Jessica's Disquisition on Necromancy
   (You found it on level 3 of the Dungeon)

   Spells                             Type                      Level
   a - Sublimation of Blood           Necromancy                   2
Comestibles
 b - 5 bread rations
 h - a beef jerky
 r - 3 slices of pizza
 s - a meat ration


   Skills:
 + Level 2.4 Fighting
 + Level 2.2 Axes
 + Level 3.9 Dodging
 + Level 4.4 Stealth
 + Level 0.4 Unarmed Combat
 + Level 4.2 Spellcasting
 + Level 2.0 Conjurations
 + Level 2.4 Charms
 + Level 4.8 Ice Magic


You had 5 spell levels left.
You knew the following spells:

 Your Spells              Type           Power        Failure   Level  Hunger
a - Freeze                Ice            ###.         1%          1    None
b - Throw Frost           Conj/Ice       ###...       6%          2    ##.....
c - Ozocubu's Armour      Chrm/Ice       ###.....     12%         3    ###....
d - Condensation Shield   Ice            ###.......   24%         4    ####...


Dungeon Overview and Level Annotations

Branches:
Dungeon (4/15)
 Temple: D:4-7

Altars:
Ashenzari
Cheibriados
Dithmenos
Nemelex Xobeh
Sif Muna

Annotations:
D:4 Pikel


Innate Abilities, Weirdness & Mutations

You cannot wear most types of armour.
You are amphibious.
You can wear up to eight rings at the same time.
You can use your tentacles to constrict eight enemies at once.
Your skin changes colour to match your surroundings (Stealth).
Your rubbery body absorbs attacks (AC +1).
You are frail (-10% HP).
You regenerate slowly when monsters are visible.
Your muscles are strong. (Str +2)


Message History

Aiming: Freeze
Press: ? - help, Shift-Dir - straight line, f - Pikel
Aim: Pikel, wielding a whip of electrocution and wearing a robe You freeze Pikel.
Pikel is lightly wounded.
Pikel hits you but does no damage.
You are electrocuted!
You closely miss Pikel. Your grab misses Pikel. Your squeeze misses Pikel.
Pikel is lightly wounded.
Pikel hits you with a whip of electrocution.
You hit Pikel.
There is a sudden explosion of sparks!
You grab Pikel. You squeeze Pikel.
Pikel is severely wounded.
You constrict Pikel. Pikel barely misses you.
Pikel hits you but does no damage.
You are electrocuted!
* * * LOW HITPOINT WARNING * * *
You hit Pikel but do no damage.
Pikel is almost dead.
You constrict Pikel, but do no damage.
Pikel hits you with a whip of electrocution.
You die...

#. ##. ########### ##.b
#######.........# ##.##
#........######.###.##
#"##.###.#####...##.#
#......#.#..........##
#.##.#.#.#.###...###.##
#....K@..#.# ###.####..
#....#.....# #.......
###..#..##.# #.######
#..#.....#####.######
#..##.##..>.......)..
#..##.###.###.....###
#..##.###.#######.#
#.............# #.#
#...#.#######.# #.#


You could see Pikel.

Vanquished Creatures
  Eustachio (D:4)
  4 slaves (D:4)
  Duvessa (D:4)
  The ghost of nht the Cudgeler, an amateur OgEn of Qazlal (D:3)
  A wyvern zombie (D:4)
  A giant frog (D:4)
  Dowan (D:4)
  2 orc wizards (D:3)
  Ijyb (D:3)
  An iguana (D:4)
  Jessica (D:3)
  2 worker ants (D:4)
  4 gnolls (D:4)
  6 adders
  2 worms (D:2)
  An orc (D:3)
  A ball python (D:4)
  5 giant cockroaches
  11 hobgoblins
  5 jackals
  11 kobolds
  9 bats
  3 giant geckos
  A giant gecko skeleton (D:4)
  3 giant newts
  9 goblins
  6 quokkas
  2 quokka skeletons (D:4)
  8 rats
104 creatures vanquished.

Notes
Turn   | Place    | Note
--------------------------------------------------------------
     0 | D:1      | dvd the Octopode Ice Elementalist began the quest for the Orb.
     0 | D:1      | Reached XP level 1. HP: 11/11 MP: 3/3
   369 | D:1      | Reached XP level 2. HP: 13/17 MP: 3/5
   582 | D:1      | Learned a level 2 spell: Throw Frost
  1014 | D:1      | Reached XP level 3. HP: 21/21 MP: 3/6
  1060 | D:1      | Learned a level 3 spell: Ozocubu's Armour
  1618 | D:2      | Found a shattered altar of Ashenzari.
  1624 | D:2      | Became a worshipper of Ashenzari the Shackled
  1768 | D:2      | Reached XP level 4. HP: 19/27 MP: 1/8
  2005 | D:2      | Found a deep blue altar of Sif Muna.
  2536 | D:3      | Reached skill level 1 in Charms
  2586 | D:3      | Noticed Jessica
  2596 | D:3      | Killed Jessica
  2596 | D:3      | Reached skill level 1 in Fighting
  2596 | D:3      | Reached XP level 5. HP: 31/33 MP: 0/9
  2601 | D:3      | Identified Jessica's Disquisition on Necromancy
  2929 | D:3      | Found a sparkling altar of Nemelex Xobeh.
  2945 | D:3      | Found a snail-covered altar of Cheibriados.
  2945 | D:3      | Found a shadowy altar of Dithmenos.
  3142 | D:3      | Noticed nht's ghost (amateur OgEn)
  3661 | D:3      | Noticed Ijyb
  3669 | D:3      | Killed Ijyb
  3669 | D:3      | Reached XP level 6. HP: 33/38 MP: 5/11
  3783 | D:4      | Noticed Duvessa
  3783 | D:4      | Noticed Dowan
  3786 | D:4      | Killed Duvessa
  3786 | D:4      | Reached skill level 4 in Ice Magic
  3799 | D:4      | Killed Dowan
  3902 | D:4      | Reached * piety under Ashenzari
  3905 | D:4      | Noticed Eustachio
  3917 | D:4      | Killed Eustachio
  3917 | D:4      | Reached skill level 1 in Axes
  3917 | D:4      | Reached XP level 7. HP: 42/44 MP: 5/12
  4133 | D:4      | Learned a level 4 spell: Condensation Shield
  4740 | D:4      | Gained mutation: Your muscles are strong. (Str +2) [potion of mutation]
  4740 | D:4      | Gained mutation: You regenerate slowly when monsters are visible. [potion of mutation]
  4740 | D:4      | Gained mutation: You are frail (-10% HP). [potion of mutation]
  4840 | D:3      | Killed nht's ghost
  4840 | D:3      | Reached XP level 8. HP: 38/45 MP: 11/14
  4902 | D:4      | Noticed Pikel
  4914 | D:4      | Slain by Pikel

Action                   |  1- 3 |  4- 6 |  7- 9 || total
-------------------------+-------+-------+-------++-------
Melee: Unarmed           |    59 |       |       ||    59
       Hand axe          |     9 |    75 |    53 ||   137
 Cast: Freeze            |    13 |     9 |     2 ||    24
       Throw Frost       |    18 |    22 |     8 ||    48
       Ozocubu's Armour  |     7 |    15 |    11 ||    33
  Use: Scroll            |       |       |     8 ||     8
       Potion            |       |       |     7 ||     7
 Stab: Sleeping          |     8 |     8 |     3 ||    19
  Eat: Chunk             |     5 |     9 |     4 ||    18
